[Event "2012 US Cadet"]
[Site "Rockville, MD, USA"]
[Date "2012.07.21"]
[Round "1.1"]
[White "Christopher Gu "]
[Black "David Hua"]
[Result "1-0"]
[ECO "E10"]
[WhiteElo "2364"]
[BlackElo "2329"]
[PlyCount "93"]
[EventDate "2012.??.??"]
[TimeControl "6000+1310"]

1. d4 Nf6 2. c4 e6 3. Nf3 c5 4. d5 b5 5. Bg5 exd5 6. cxd5 d6 7. e4 a6 8. a4 Be7
9. Bxf6 Bxf6 10. axb5 Bxb2 11. Ra2 Bf6 12. Bd3 O-O 13. O-O Bb7 14. Nbd2 axb5
15. Rxa8 Bxa8 16. Bxb5 Nd7 17. Qa4 Nb6 18. Qa5 Qc7 19. Nc4 Rb8 20. Rb1 Bd8 21.
Nxb6 Qxb6 22. Qxb6 Bxb6 23. Nd2 f5 24. Bc6 Bxc6 25. dxc6 fxe4 26. Nxe4 Kf7 27.
Nc3 Re8 28. g3 Ba5 29. Nb5 Ke7 30. Ra1 Ra8 31. Ra2 Ra6 32. Nc7 Ra7 33. Re2+ Kd8
34. Nd5 Ra6 35. Ra2 c4 36. Ra4 c3 37. Rc4 Bc7 38. Rxc3 Ra5 39. Nf4 Re5 40. Re3
Bb6 41. Rxe5 dxe5 42. Nd5 Bd4 43. Kf1 e4 44. Ke2 g6 45. f3 Bg1 46. fxe4 Bxh2
47. Kf2 1-0

[Event "2012 US Cadet"]
[Site "Rockville, MD, USA"]
[Date "2012.07.21"]
[Round "1.2"]
[White "Christopher Wu"]
[Black "FM Aleksandr Ostrovskiy"]
[Result "1-0"]
[ECO "B19"]
[WhiteElo "2295"]
[BlackElo "2426"]
[PlyCount "75"]
[EventDate "2012.??.??"]
[TimeControl "6000+1505"]

1. e4 c6 2. d4 d5 3. Nc3 dxe4 4. Nxe4 Bf5 5. Ng3 Bg6 6. h4 h6 7. Nf3 Nd7 8. h5
Bh7 9. Bd3 Bxd3 10. Qxd3 e6 11. Bd2 Ngf6 12. O-O-O Be7 13. Kb1 O-O 14. Ne4 Nxe4
15. Qxe4 Nf6 16. Qe2 Qd5 17. Be3 b5 18. Ne5 Bd6 19. Nd3 a5 20. g4 a4 21. f3 b4
22. Rdg1 Nh7 23. Rg2 b3 24. f4 Rfb8 25. g5 hxg5 26. fxg5 Nf8 27. g6 f5 28. h6
bxa2+ 29. Ka1 a3 30. b3 f4 31. hxg7 f3 32. Qf2 Kxg7 33. Rg5 Qe4 34. Rh4 Qxd3
35. cxd3 Rxb3 36. Qxf3 Ra7 37. Rh7+ Nxh7 38. gxh7+ 1-0

[Event "2012 US Cadet"]
[Site "Rockville, MD, USA"]
[Date "2012.07.21"]
[Round "1.3"]
[White "Justus Williams"]
[Black "FM Michael Bodek"]
[Result "1/2-1/2"]
[ECO "A13"]
[WhiteElo "2343"]
[BlackElo "2407"]
[PlyCount "64"]
[EventDate "2012.??.??"]
[TimeControl "6000+775"]

1. Nf3 Nf6 2. c4 e6 3. g3 d5 4. Bg2 dxc4 5. O-O Nbd7 6. Qa4 a6 7. Qxc4 b5 8.
Qc2 c5 9. b3 Bb7 10. Bb2 Be7 11. d3 O-O 12. Nbd2 Rc8 13. Rac1 Nd5 14. Qb1 Bf6
15. Ne4 Bxb2 16. Qxb2 Qe7 17. Ne5 Nb8 18. d4 cxd4 19. Qxd4 f6 20. Nd3 e5 21.
Qb2 f5 22. Nec5 e4 23. Nxb7 Qxb7 24. Nc5 Qe7 25. b4 Nc6 26. a3 Ne5 27. Qb3 Nc4
28. Rfd1 Nf6 29. Bh3 g6 30. a4 Kh8 31. Qc3 Kg8 32. Qb3 Kh8 1/2-1/2

[Event "2012 US Cadet"]
[Site "Rockville, MD, USA"]
[Date "2012.07.21"]
[Round "1.4"]
[White "Joshua Colas"]
[Black "James Black Jr."]
[Result "1/2-1/2"]
[ECO "B17"]
[WhiteElo "2345"]
[BlackElo "2349"]
[PlyCount "102"]
[EventDate "2012.??.??"]
[TimeControl "6000+855"]

1. e4 c6 2. d4 d5 3. Nc3 dxe4 4. Nxe4 Nd7 5. Nf3 Ngf6 6. Ng3 e6 7. Bd3 Be7 8.
O-O O-O 9. Qe2 c5 10. c3 b6 11. Rd1 Qc7 12. Ne5 Bb7 13. Nxd7 Nxd7 14. Be3 cxd4
15. Bxd4 e5 16. Be3 g6 17. Bc4 Kg7 18. Bh6+ Kxh6 19. Qd2+ Kg7 20. Qxd7 Rac8 21.
Qxc7 Rxc7 22. Bd5 Ba6 23. a4 Rd8 24. Bb3 Rcd7 25. Rxd7 Rxd7 26. Rd1 Rxd1+ 27.
Bxd1 f5 28. Be2 Bb7 29. Bc4 Kf6 30. Kf1 h5 31. Ne2 g5 32. Nc1 g4 33. b4 Bd6 34.
Be2 e4 35. h3 Kg5 36. hxg4 fxg4 37. g3 e3 38. Nd3 exf2 39. Kxf2 Bxg3+ 40. Kxg3
h4+ 41. Kh2 Kf5 42. c4 Ke4 43. c5 g3+ 44. Kh3 Ke3 45. Bf1 Be4 46. cxb6 axb6 47.
Ne5 Kd4 48. Ng4 Kc3 49. a5 bxa5 50. bxa5 Kb4 51. a6 Ka5 1/2-1/2

[Event "2012 US Cadet"]
[Site "Rockville, MD, USA"]
[Date "2012.07.22"]
[Round "3.3"]
[White "Christopher Wu"]
[Black "James Black Jr."]
[Result "1-0"]
[ECO "B42"]
[WhiteElo "2295"]
[BlackElo "2349"]
[PlyCount "69"]
[EventDate "2012.??.??"]
[TimeControl "6000+645"]

1. e4 c5 2. Nf3 e6 3. d4 cxd4 4. Nxd4 a6 5. Bd3 Nf6 6. O-O e5 7. Nb3 d6 8. Nc3
Be7 9. Nd5 Nxd5 10. exd5 f5 11. c4 O-O 12. Bd2 a5 13. Bc3 Bf6 14. Bc2 b6 15.
Qe2 Na6 16. Nd2 Nc5 17. b3 g5 18. f3 Bg7 19. a3 h5 20. b4 Nd7 21. Nb3 Ba6 22.
Rac1 Bb7 23. f4 a4 24. Nd2 exf4 25. Bxg7 Kxg7 26. Qxh5 Rh8 27. Qe2 Ne5 28. Bxf5
Qf6 29. Be6 Rae8 30. Rce1 Qh6 31. h3 Rxe6 32. dxe6 g4 33. Ne4 gxh3 34. Nxd6
hxg2 35. Nf5+ 1-0

[Event "2012 US Cadet"]
[Site "Rockville, MD, USA"]
[Date "2012.07.22"]
[Round "3.4"]
[White "Justus Williams"]
[Black "Joshua Colas"]
[Result "1/2-1/2"]
[ECO "A05"]
[WhiteElo "2343"]
[BlackElo "2345"]
[PlyCount "134"]
[EventDate "2012.??.??"]
[TimeControl "6000+575"]

1. Nf3 Nf6 2. c4 e6 3. g3 Nc6 4. Bg2 d5 5. d4 Bb4+ 6. Bd2 Bxd2+ 7. Nbxd2 O-O 8.
O-O Ne4 9. e3 Nxd2 10. Nxd2 Ne7 11. b4 dxc4 12. Nxc4 Rb8 13. Qc2 Bd7 14. Rfc1
Nd5 15. a3 Qe7 16. Ne5 Rfc8 17. Qc5 Qxc5 18. Rxc5 Nb6 19. Rac1 c6 20. b5 f6 21.
Nxd7 Nxd7 22. R5c2 Kf8 23. bxc6 bxc6 24. Rxc6 Rxc6 25. Rxc6 Ke7 26. Rc7 Rb1+
27. Bf1 a5 28. Ra7 Kd6 29. Rxa5 e5 30. Ra6+ Kd5 31. Ra5+ Kd6 32. Ra6+ Kd5 33.
Ra7 Kd6 34. dxe5+ Nxe5 35. Rxg7 Nf3+ 36. Kg2 Ne1+ 37. Kh3 Nf3 38. Bg2 Ng5+ 39.
Kg4 Rb2 40. h4 Ne6 41. Rxh7 Rxf2 42. Kh3 Re2 43. a4 Rxe3 44. a5 Ra3 45. Ra7 f5
46. Kh2 Ra2 47. Kg1 f4 48. gxf4 Nxf4 49. Bf1 Kc6 50. Rf7 Nh5 51. a6 Ng3 52.
Bg2+ Kb6 53. Bb7 Nh5 54. Rf5 Ng3 55. Rf2 Ra4 56. Kg2 Nh5 57. Rb2+ Ka7 58. Bc8
Rxh4 59. Rb7+ Ka8 60. Rf7 Rf4 61. Rh7 Nf6 62. Rh6 Ne8 63. Rh7 Nd6 64. Bd7 Rf7
65. Bc6+ Ka7 66. Rh6 Nf5 67. Re6 Nd4 1/2-1/2

[Event "2012 US Cadet"]
[Site "Rockville, MD, USA"]
[Date "2012.07.22"]
[Round "4.1"]
[White "David Hua"]
[Black "Justus Williams"]
[Result "1/2-1/2"]
[ECO "B90"]
[WhiteElo "2329"]
[BlackElo "2343"]
[PlyCount "50"]
[EventDate "2012.??.??"]
[TimeControl "6000+1395"]

1. e4 c5 2. Nf3 d6 3. d4 cxd4 4. Nxd4 Nf6 5. Nc3 a6 6. h3 e5 7. Nde2 Be6 8. g4
d5 9. exd5 Nxd5 10. Bg2 Bb4 11. O-O Bxc3 12. Nxc3 Nxc3 13. bxc3 Nc6 14. Ba3 h5
15. Rb1 Qc7 16. gxh5 f6 17. f4 Rd8 18. Qe2 b5 19. Be4 Ne7 20. Qg2 Qxc3 21. Bxe7
Kxe7 22. fxe5 Qd4+ 23. Kh1 Qxe5 24. Rbe1 Kf8 25. Bf3 Qd6 1/2-1/2

[Event "2012 US Cadet"]
[Site "Rockville, MD, USA"]
[Date "2012.07.22"]
[Round "4.2"]
[White "Joshua Colas"]
[Black "Christopher Wu"]
[Result "0-1"]
[ECO "B50"]
[WhiteElo "2345"]
[BlackElo "2295"]
[PlyCount "126"]
[EventDate "2012.??.??"]
[TimeControl "6000+535"]

1. e4 c5 2. Nf3 d6 3. b3 Nf6 4. Nc3 g6 5. Bb5+ Nbd7 6. Bb2 Bg7 7. Bxd7+ Bxd7 8.
d3 O-O 9. O-O e5 10. Nd2 Qc7 11. a4 Bc6 12. Nc4 d5 13. exd5 Nxd5 14. Nxd5 Bxd5
15. Ne3 Bc6 16. Qg4 b6 17. Qc4 Kh8 18. f4 exf4 19. Bxg7+ Kxg7 20. Rxf4 f5 21.
Raf1 Rae8 22. Nd5 Qe5 23. Nc3 Qe3+ 24. R4f2 Re5 25. Qa6 Rf7 26. a5 Qd4 27. Nb5
Qd7 28. axb6 Bxb5 29. Qa1 Kf6 30. Re1 Qd4 31. c3 Rxe1+ 32. Qxe1 Qd7 33. bxa7
Qxa7 34. c4 Bd7 35. Qc3+ Ke7 36. Re2+ Be6 37. Qe5 Rf6 38. Re1 Kf7 39. Ra1 Qb6
40. Ra8 Bd7 41. Kf1 Qd6 42. Qxd6 Rxd6 43. Ke2 f4 44. h3 Bf5 45. Ra7+ Kg8 46.
Rc7 Rxd3 47. Rxc5 Rxb3 48. Rd5 Be4 49. Rd4 Bxg2 50. Rxf4 Bxh3 51. Rd4 Kf7 52.
c5 Rc3 53. c6 Rxc6 54. Rh4 Bf5 55. Rxh7+ Kf6 56. Rh8 g5 57. Kf2 Ke5 58. Ra8 Kf4
59. Ra1 g4 60. Kg1 g3 61. Rf1+ Kg4 62. Ra1 Kh3 63. Rf1 Rb6 0-1

[Event "2012 US Cadet"]
[Site "Rockville, MD, USA"]
[Date "2012.07.22"]
[Round "4.3"]
[White "James Black"]
[Black "Christopher Gu"]
[Result "0-1"]
[ECO "D37"]
[WhiteElo "2349"]
[BlackElo "2364"]
[PlyCount "126"]
[EventDate "2012.??.??"]
[TimeControl "6000+1125"]

1. d4 Nf6 2. c4 e6 3. Nf3 d5 4. Nc3 dxc4 5. e4 Bb4 6. Bg5 c5 7. Bxc4 cxd4 8.
Nxd4 Bxc3+ 9. bxc3 Qa5 10. Bb5+ Nbd7 11. Bxf6 Qxc3+ 12. Kf1 gxf6 13. h4 a6 14.
Rh3 Qb4 15. Be2 Ne5 16. Rc1 Qd6 17. Rb3 b5 18. Qd2 Bb7 19. Qe3 Ng6 20. g3 Rd8
21. Rd3 Qe5 22. Nc6 Rxd3 23. Bxd3 Qc7 24. Nd4 Qb6 25. Nf5 Qxe3 26. Nxe3 Kd7 27.
Ng4 Ne5 28. Nxf6+ Ke7 29. Nh5 Rc8 30. Rxc8 Bxc8 31. Ke2 Nxd3 32. Kxd3 e5 33. f3
Be6 34. a3 f6 35. g4 Bc4+ 36. Kd2 Bf7 37. Ng3 Kd6 38. g5 fxg5 39. hxg5 a5 40.
Nf5+ Kc5 41. Kd3 b4 42. axb4+ Kxb4 43. Kc2 Bh5 44. Nd6 Bxf3 45. Nf7 Bxe4+ 46.
Kb2 Bf5 47. Nxe5 Kc5 48. Kc3 a4 49. Nc4 Be6 50. Ne5 Kd6 51. Nd3 Bf5 52. Nf2 Ke5
53. Kb4 Bd7 54. Nd3+ Kf5 55. Nc5 Be8 56. Kc3 Kxg5 57. Kd3 Kg4 58. Ke2 a3 59.
Nb3 a2 60. Na1 Kg3 61. Kf1 h5 62. Kg1 h4 63. Kh1 h3 0-1

[Event "2012 US Cadet"]
[Site "Rockville, MD, USA"]
[Date "2012.07.22"]
[Round "4.4"]
[White "FM Michael Bodek (2407)"]
[Black "FM Aleksandr Ostrovskiy"]
[Result "0-1"]
[ECO "C18"]
[WhiteElo "2407"]
[BlackElo "2426"]
[PlyCount "56"]
[EventDate "2012.??.??"]
[TimeControl "6000+1195"]

1. e4 e6 2. d4 d5 3. Nc3 Bb4 4. e5 c5 5. a3 Bxc3+ 6. bxc3 Ne7 7. Qg4 Qc7 8.
Qxg7 Rg8 9. Qxh7 cxd4 10. Ne2 Nbc6 11. f4 dxc3 12. Qd3 Nf5 13. h3 Qe7 14. Rg1
d4 15. g4 Qh4+ 16. Ng3 Nxg3 17. Qxg3 Qe7 18. Rb1 b6 19. Bb5 Bb7 20. Rb4 Qc5 21.
Qd3 O-O-O 22. Ra4 Kb8 23. Kf2 Rh8 24. Kg3 Ne7 25. Rd1 Qd5 26. Qe2 Nf5+ 27. Kh2
Rxh3+ 28. Kg1 Rhh8 0-1

[Event "2012 US Cadet"]
[Site "Rockville, MD, USA"]
[Date "2012.07.23"]
[Round "5.1"]
[White "FM Michael Bodek"]
[Black "David Hua"]
[Result "1-0"]
[ECO "B40"]
[WhiteElo "2407"]
[BlackElo "2329"]
[PlyCount "69"]
[EventDate "2012.??.??"]
[TimeControl "6000+905"]

1. e4 c5 2. Nf3 e6 3. Nc3 a6 4. g3 b5 5. d4 cxd4 6. Nxd4 Bb7 7. Bg2 Nc6 8. O-O
Qb6 9. Nb3 Nf6 10. Re1 d6 11. a4 b4 12. a5 Qc7 13. Na4 Nxa5 14. Nb6 Qxb6 15.
Nxa5 Nd7 16. Be3 Nc5 17. Bxc5 dxc5 18. Nxb7 Qxb7 19. e5 Qc8 20. Bxa8 Qxa8 21.
Qd3 Be7 22. Qxa6 Qxa6 23. Rxa6 O-O 24. Ra7 Re8 25. Rd1 f5 26. Rdd7 Bf8 27. Kf1
h6 28. h4 g5 29. h5 Rc8 30. Ke2 Rb8 31. Kd3 Rc8 32. Kc4 Rb8 33. Ra6 Re8 34.
Rda7 g4 35. Ra8 1-0

[Event "2012 US Cadet"]
[Site "Rockville, MD, USA"]
[Date "2012.07.23"]
[Round "5.3"]
[White "Christopher Gu"]
[Black "Joshua Colas"]
[Result "0-1"]
[ECO "E06"]
[WhiteElo "2364"]
[BlackElo "2345"]
[PlyCount "126"]
[EventDate "2012.??.??"]
[TimeControl "6000+1190"]

1. d4 Nf6 2. c4 e6 3. Nf3 d5 4. g3 Be7 5. Bg2 O-O 6. O-O dxc4 7. Qa4 c5 8. Qxc4
cxd4 9. Nxd4 e5 10. Nb3 Na6 11. Nc3 Rb8 12. Be3 b6 13. Qa4 Qd7 14. Qxd7 Bxd7
15. Rfd1 Rfd8 16. Rac1 Be8 17. a3 Kf8 18. h3 h6 19. Nd2 Bc5 20. Bxc5+ Nxc5 21.
Nc4 Rxd1+ 22. Rxd1 Na4 23. Nxa4 Bxa4 24. Rd2 Re8 25. b4 Bb3 26. Ne3 Rc8 27. Bb7
Rb8 28. Bc6 Be6 29. h4 Ke7 30. Rc2 Rc8 31. Ba4 Rxc2 32. Bxc2 Kd6 33. Kf1 e4 34.
Ke1 Ke5 35. Kd2 Kd4 36. Bb1 Ne8 37. Nc2+ Ke5 38. Kc3 Nc7 39. e3 Nb5+ 40. Kb2
Nd6 41. Kc3 f5 42. Nd4 Bd7 43. Ba2 g5 44. hxg5 hxg5 45. Bc4 f4 46. gxf4+ gxf4
47. Bb3 f3 48. Ba2 Ne8 49. Bb3 Nf6 50. Kd2 Ng4 51. Ke1 Kd6 52. Bc2 Nf6 53. Bb3
a5 54. Bc2 axb4 55. axb4 Ke5 56. Bb3 Nd5 57. Nc2 Bb5 58. Bxd5 Kxd5 59. Na3 Bd3
60. Kd2 b5 61. Kc3 Ke5 62. Nc2 Bxc2 63. Kxc2 Kf5 0-1

[Event "2012 US Cadet"]
[Site "Rockville, MD, USA"]
[Date "2012.07.23"]
[Round "5.4"]
[White "Christopher Wu"]
[Black "Justus Williams"]
[Result "1-0"]
[ECO "B90"]
[WhiteElo "2295"]
[BlackElo "2343"]
[PlyCount "143"]
[EventDate "2012.??.??"]
[TimeControl "6000+1000"]

1. e4 c5 2. Nf3 d6 3. d4 cxd4 4. Nxd4 Nf6 5. Nc3 a6 6. Be3 e5 7. Nb3 Be7 8. h3
Be6 9. Qf3 O-O 10. g4 d5 11. exd5 Bxd5 12. Nxd5 Qxd5 13. Bg2 Qxf3 14. Bxf3 e4
15. Bg2 Nc6 16. O-O-O h6 17. Bb6 Rac8 18. a3 Rfe8 19. Rhe1 Bf8 20. Kb1 Re5 21.
Nd4 Nb8 22. Nf5 Nc6 23. Be3 h5 24. Bf4 Rb5 25. Bf1 Ra5 26. Bd2 Rd5 27. c4 Rdd8
28. g5 Nd7 29. Rxe4 Nc5 30. Ree1 Nd3 31. Bxd3 Rxd3 32. Be3 Rxd1+ 33. Rxd1 Ne5
34. Bd4 Nxc4 35. Bxg7 Rc5 36. Bxf8 Rxf5 37. Rd8 Kh7 38. Rd4 Ne5 39. f4 Nf3 40.
Rb4 b5 41. Kc2 Ng1 42. Kd3 Nxh3 43. Ke3 Rd5 44. Rb3 Rd8 45. Bc5 Kg6 46. Ke4
Re8+ 47. Kf3 Kf5 48. Re3 Re6 49. Rxe6 fxe6 50. g6 Kxg6 51. Kg3 Kf5 52. Kxh3
Kxf4 53. Kh4 e5 54. Bd6 Ke4 55. Kxh5 Kd4 56. Kg4 e4 57. Bb4 Ke3 58. Kg3 Ke2 59.
Kf4 Kd3 60. Bc5 Kc4 61. Ba7 a5 62. Kxe4 b4 63. a4 Kb3 64. Kd3 Kxb2 65. Kc4 b3
66. Bd4+ Kc2 67. Bh8 b2 68. Bxb2 Kxb2 69. Kb5 Kb3 70. Kxa5 Kc4 71. Kb6 Kb4 72.
a5 1-0

[Event "2012 US Cadet"]
[Site "Rockville, MD, USA"]
[Date "2012.07.23"]
[Round "6.1"]
[White "David Hua"]
[Black "Christopher Wu"]
[Result "1/2-1/2"]
[ECO "A22"]
[WhiteElo "2329"]
[BlackElo "2295"]
[PlyCount "72"]
[EventDate "2012.??.??"]
[TimeControl "6000+980"]

1. c4 e5 2. Nc3 Nf6 3. g3 Nc6 4. Bg2 g6 5. d3 Bg7 6. e3 O-O 7. Nge2 d6 8. O-O
Be6 9. Nd5 Qd7 10. Nec3 Ne8 11. Qa4 Bh3 12. b4 Bxg2 13. Kxg2 f5 14. Bd2 f4 15.
exf4 exf4 16. f3 fxg3 17. hxg3 Nf6 18. Rae1 Nxd5 19. cxd5 Ne5 20. Qxd7 Nxd7 21.
Nb5 Ne5 22. Re3 c6 23. Nxd6 cxd5 24. f4 Nc6 25. Rc1 Bb2 26. Rc2 Ba3 27. Nxb7
Bxb4 28. Rxc6 Bxd2 29. Re5 Rab8 30. Rc7 Rf7 31. Rxf7 Kxf7 32. Nd6+ Kf6 33. Ne8+
Kf7 34. Nd6+ Kf6 35. Ne8+ Kf7 36. Nd6+ Kf6 1/2-1/2

[Event "2012 US Cadet"]
[Site "Rockville, MD, USA"]
[Date "2012.07.23"]
[Round "6.2"]
[White "Justus Williams"]
[Black "Christopher Gu"]
[Result "1/2-1/2"]
[ECO "A05"]
[WhiteElo "2343"]
[BlackElo "2364"]
[PlyCount "95"]
[EventDate "2012.??.??"]
[TimeControl "6000+1755"]

1. Nf3 Nf6 2. c4 e6 3. g3 d5 4. d4 Bb4+ 5. Bd2 Be7 6. Bg2 O-O 7. O-O c6 8. Qc2
b6 9. Bf4 Bb7 10. Nc3 Nbd7 11. Rfd1 dxc4 12. Nd2 Nd5 13. Nxc4 Nxf4 14. gxf4 Qc7
15. e3 Rad8 16. Rac1 c5 17. d5 exd5 18. Nxd5 Bxd5 19. Bxd5 b5 20. Nd2 Nb6 21.
Be4 g6 22. Nb3 c4 23. Nd4 a6 24. Bg2 Bf6 25. Ne2 Rxd1+ 26. Rxd1 Rd8 27. Rxd8+
Qxd8 28. Be4 Qc7 29. f5 Be5 30. fxg6 hxg6 31. f4 Bf6 32. Ng3 Qc5 33. Bxg6 Qxe3+
34. Kg2 Qxf4 35. Bh7+ Kf8 36. Qd1 Qd4 37. Qf3 Nd5 38. Qa3+ b4 39. Qxa6 Qd2+ 40.
Kh3 Qh6+ 41. Kg2 Qd2+ 42. Kh3 Qh6+ 43. Kg2 Nf4+ 44. Kf3 Qxh7 45. Kxf4 Kg7 46.
Nf5+ Kg6 47. Ne7+ Kg7 48. Nf5+ 1/2-1/2

[Event "2012 US Cadet"]
[Site "Rockville, MD, USA"]
[Date "2012.07.23"]
[Round "6.4"]
[White "James Black"]
[Black "FM Michael Bodek"]
[Result "0-1"]
[ECO "D37"]
[WhiteElo "2349"]
[BlackElo "2407"]
[PlyCount "70"]
[EventDate "2012.??.??"]
[TimeControl "6000+1960"]

1. d4 Nf6 2. c4 e6 3. Nf3 d5 4. Nc3 dxc4 5. e4 Bb4 6. Bg5 c5 7. Bxc4 cxd4 8.
Nxd4 Nbd7 9. O-O Bxc3 10. bxc3 Qa5 11. Bh4 O-O 12. Re1 Ne5 13. Bxf6 gxf6 14.
Bb3 Qxc3 15. Re3 Qc5 16. Rc1 Qd6 17. f4 Ng6 18. f5 Ne5 19. Rg3+ Kh8 20. Rh3 Rd8
21. Qh5 Qxd4+ 22. Kf1 Kg8 23. fxe6 b6 24. exf7+ Kf8 25. Qh6+ Ke7 26. f8=Q+ Rxf8
27. Qg7+ Ke8 28. Ba4+ Qxa4 29. Rxh7 Qd7 30. Qh6 Nf7 31. Qf4 Qd6 32. Qf3 Qd4 33.
Qe2 Bd7 34. g3 Rc8 35. Rd1 Qc4 0-1

[Event "2012 US Cadet"]
[Site "Rockville, MD, USA"]
[Date "2012.07.24"]
[Round "7.1"]
[White "James Black"]
[Black "David Hua"]
[Result "0-1"]
[ECO "B40"]
[WhiteElo "2349"]
[BlackElo "2329"]
[PlyCount "102"]
[EventDate "2012.??.??"]
[TimeControl "6000+1825"]

1. e4 c5 2. Nf3 e6 3. d3 Nc6 4. g3 Nge7 5. Bg2 g6 6. O-O Bg7 7. Qe2 Qc7 8. Re1
d6 9. c3 b6 10. a4 O-O 11. Nbd2 Ba6 12. h4 Rad8 13. h5 Rd7 14. Bf1 d5 15. e5
gxh5 16. Qe3 h6 17. d4 Bxf1 18. Rxf1 cxd4 19. cxd4 Nb4 20. Qb3 Nc2 21. Rb1 Rc8
22. Rd1 Nf5 23. Nf1 Qc4 24. Qb5 Rdc7 25. b3 Qc6 26. Bb2 a5 27. Qe2 Qd7 28. Nh4
Nxh4 29. gxh4 Nb4 30. Qxh5 Qe7 31. Re1 Nc2 32. Re2 Qb4 33. Qg4 Kh7 34. Kh2 Qxb3
35. Nd2 Qd3 36. Rg1 Rg8 37. f4 Rcc8 38. Rg3 Qg6 39. Qf3 Qf5 40. Nf1 Nb4 41.
Rgg2 Bh8 42. Ne3 Qe4 43. Qxe4+ dxe4 44. f5 Rxg2+ 45. Kxg2 Nd3 46. Kf1 Bg7 47.
Ba3 Rc3 48. fxe6 fxe6 49. Nc2 Nf4 50. Rxe4 Nd5 51. Re2 Rxc2 0-1

[Event "2012 US Cadet"]
[Site "Rockville, MD, USA"]
[Date "2012.07.24"]
[Round "7.2"]
[White "FM Michael Bodek"]
[Black "Joshua Colas"]
[Result "1-0"]
[ECO "B43"]
[WhiteElo "2407"]
[BlackElo "2345"]
[PlyCount "112"]
[EventDate "2012.??.??"]
[TimeControl "6000+820"]

1. e4 c5 2. Nf3 e6 3. d4 cxd4 4. Nxd4 a6 5. Nc3 b5 6. Bd3 Qb6 7. Nf3 Nc6 8. O-O
d6 9. a4 b4 10. a5 Nxa5 11. Na4 Qc7 12. Be3 Rb8 13. Nb6 Rxb6 14. Rxa5 Rb8 15.
Qa1 Nf6 16. Bxa6 Bxa6 17. Rxa6 Be7 18. e5 dxe5 19. Ra7 Rb7 20. Qa4+ Qd7 21.
Ra8+ Bd8 22. Qa6 O-O 23. Bc5 Re8 24. Nxe5 Qd5 25. Nd3 Rc7 26. Bb6 Rd7 27. Nxb4
Qd2 28. Bxd8 Rdxd8 29. Rxd8 Rxd8 30. Nc6 Re8 31. Qa4 h5 32. b4 Qc3 33. b5 Nd5
34. Rb1 Qc5 35. c4 Nb6 36. Qb4 Qxc4 37. Qxc4 Nxc4 38. b6 Nxb6 39. Rxb6 Kf8 40.
Kf1 g6 41. Ke2 Ra8 42. Rb8+ Rxb8 43. Nxb8 Ke7 44. Nc6+ Kd6 45. Nd4 Kd5 46. Ke3
e5 47. Nf3 Ke6 48. Ke4 f5+ 49. Ke3 Kd5 50. Ng5 h4 51. Nf3 f4+ 52. Ke2 h3 53. g3
e4 54. Ng5 Ke5 55. Nxh3 fxg3 56. fxg3 Kd5 1-0

[Event "2012 US Cadet"]
[Site "Rockville, MD, USA"]
[Date "2012.07.24"]
[Round "7.3"]
[White "FM Aleksandr Ostrovskiy"]
[Black "Justus Williams"]
[Result "1/2-1/2"]
[ECO "B90"]
[WhiteElo "2426"]
[BlackElo "2343"]
[PlyCount "83"]
[EventDate "2012.??.??"]
[TimeControl "6000+2025"]

1. e4 c5 2. Nf3 d6 3. d4 cxd4 4. Nxd4 Nf6 5. Nc3 a6 6. Be3 e5 7. Nf3 Be7 8. Bc4
O-O 9. O-O Nc6 10. Re1 h6 11. a3 Be6 12. Nd5 b5 13. Ba2 Rb8 14. Nd2 Re8 15. f3
Bf8 16. Qe2 Bxd5 17. exd5 Ne7 18. Qd3 Qc8 19. Ne4 Nxe4 20. fxe4 f5 21. Bf2 g6
22. b4 Kh8 23. c4 Ng8 24. Rac1 Qd7 25. Bb1 f4 26. Rc3 Nf6 27. Kh1 Ng4 28. Bg1
h5 29. c5 Rbd8 30. Qe2 Be7 31. h3 Nf6 32. Rec1 g5 33. cxd6 Bxd6 34. Rc6 g4 35.
Bb6 gxh3 36. Bxd8 Rxd8 37. R1c3 hxg2+ 38. Qxg2 Rg8 39. Qh3 Qg7 40. Rc1 Qg5 41.
Rc8 Bf8 42. d6 1/2-1/2

[Event "2012 US Cadet"]
[Site "Rockville, MD, USA"]
[Date "2012.07.24"]
[Round "7.4"]
[White "Christopher Gu"]
[Black "Christopher Wu"]
[Result "1-0"]
[ECO "D30"]
[WhiteElo "2364"]
[BlackElo "2295"]
[PlyCount "95"]
[EventDate "2012.??.??"]
[TimeControl "6000+1100"]

1. d4 d5 2. c4 c6 3. Nf3 Nf6 4. e3 e6 5. Nbd2 Bd6 6. Bd3 Nbd7 7. O-O O-O 8. e4
dxe4 9. Nxe4 Nxe4 10. Bxe4 Nf6 11. Bc2 h6 12. Qd3 Qc7 13. c5 Bf4 14. Bxf4 Qxf4
15. Ne5 Rd8 16. Rad1 h5 17. g3 Qh6 18. f4 Bd7 19. Qe2 Nd5 20. Be4 Ne7 21. Rfe1
Be8 22. b4 Rab8 23. a4 a6 24. Rd2 g6 25. Qf3 Qg7 26. Qc3 Nc8 27. Bf3 Ne7 28.
Be4 Nc8 29. Rb1 Qf6 30. Kg2 Qe7 31. h3 Qf6 32. Rf1 Qg7 33. g4 hxg4 34. hxg4 f6
35. Nc4 Ne7 36. Rh1 f5 37. Bf3 g5 38. fxg5 fxg4 39. Bxg4 Bf7 40. Kg1 Nd5 41.
Qh3 Nf4 42. Qh6 Rd5 43. Ne5 Rbd8 44. Rdh2 Bg6 45. Nxg6 Qxd4+ 46. Rf2 Nh3+ 47.
Qxh3 Qa1+ 48. Kg2 1-0

[Event "2012 US Cadet"]
[Site "Rockville, MD, USA"]
[Date "2012.07.24"]
[Round "8.1"]
[White "Christopher Gu"]
[Black "FM Aleksandr Ostrovskiy"]
[Result "1-0"]
[ECO "D12"]
[WhiteElo "2364"]
[BlackElo "2426"]
[PlyCount "81"]
[EventDate "2012.??.??"]
[TimeControl "1200+155"]

1. d4 d5 2. c4 c6 3. Nf3 Nf6 4. e3 Bf5 5. Nc3 e6 6. Nh4 Be4 7. f3 Bg6 8. Qb3
Qc7 9. Bd2 Be7 10. g3 Nbd7 11. cxd5 Nxd5 12. Nxg6 hxg6 13. e4 N5b6 14. Be3 a5
15. a3 Bd6 16. f4 Qb8 17. Bg2 a4 18. Qc2 O-O 19. Kf2 Nc4 20. e5 Nxe3 21. Kxe3
Be7 22. Rad1 Rd8 23. h4 Nb6 24. Be4 c5 25. d5 exd5 26. Nxd5 Nxd5+ 27. Bxd5 Ra6
28. h5 g5 29. h6 gxh6 30. e6 gxf4+ 31. gxf4 Bg5 32. exf7+ Kf8 33. Qxc5+ Be7 34.
Qd4 Bf6 35. Qe4 Rad6 36. Qh7 Qa7+ 37. Kf3 Qc5 38. Qg8+ Ke7 39. Rhe1+ Kd7 40.
Qe8+ Kc7 41. Rc1 1-0

[Event "2012 US Cadet"]
[Site "Rockville, MD, USA"]
[Date "2012.07.24"]
[Round "8.2"]
[White "FM Michael Bodek"]
[Black "Christopher Wu"]
[Result "1-0"]
[ECO "B00"]
[WhiteElo "2407"]
[BlackElo "2295"]
[PlyCount "105"]
[EventDate "2012.??.??"]
[TimeControl "1200+225"]

1. e4 d6 2. d4 g6 3. c4 Bg7 4. Nc3 Nd7 5. Be3 b6 6. f3 Bb7 7. Bd3 e6 8. Nge2
Ne7 9. Qd2 h6 10. d5 e5 11. g4 a5 12. Ng3 Nc5 13. Bc2 Ba6 14. b3 Qd7 15. h4 Bb7
16. h5 g5 17. Bd1 f6 18. Be2 Kf7 19. Kf2 Na6 20. Rhd1 Rhd8 21. Qb2 Qe8 22. a3
Bf8 23. Nb5 Qd7 24. Ra2 Qc8 25. Rda1 Rb8 26. b4 Qd7 27. Qd2 c6 28. dxc6 Bxc6
29. Rd1 Bxb5 30. cxb5 Nc7 31. bxa5 bxa5 32. a4 d5 33. exd5 Nexd5 34. Bc4 Bb4
35. Qd3 Ke8 36. b6 Qg7 37. bxc7 Nxc7 38. Qe2 Rxd1 39. Qxd1 Rd8 40. Qe2 Nd5 41.
Nf5 Qc7 42. Bxd5 Rxd5 43. Rc2 Qb8 44. Qc4 e4 45. Qc6+ Rd7 46. Qxe4+ Re7 47.
Nxe7 Qh2+ 48. Kf1 Qh1+ 49. Bg1 Qh3+ 50. Ke2 Bxe7 51. Rc8+ Kf7 52. Qd5+ Kg7 53.
Qg8# 1-0

[Event "2012 US Cadet"]
[Site "Rockville, MD, USA"]
[Date "2012.07.25"]
[Round "9.1"]
[White "Christopher Gu"]
[Black "FM Michael Bodek"]
[Result "0-1"]
[ECO "A40"]
[WhiteElo "2364"]
[BlackElo "2407"]
[PlyCount "110"]
[EventDate "2012.??.??"]
[TimeControl "1200+100"]

1. d4 e6 2. c4 f5 3. Nf3 Nf6 4. g3 d5 5. Bg2 c6 6. O-O Bd6 7. b3 Qe7 8. Bb2 O-O
9. Qc1 b6 10. Ba3 Bxa3 11. Qxa3 Qxa3 12. Nxa3 Bb7 13. e3 Nbd7 14. Rfd1 Rac8 15.
Rac1 Rfd8 16. cxd5 exd5 17. b4 b5 18. Nc2 Nb6 19. Na1 Nc4 20. Nb3 Nd7 21. Ne1
Ra8 22. Nc5 Nxc5 23. bxc5 Bc8 24. Bf1 Be6 25. Rb1 a5 26. Nd3 Rab8 27. Re1 Nd2
28. Bg2 Nxb1 29. Rxb1 Rdc8 30. f4 Kf8 31. Kf2 Ke7 32. Ke1 Kd8 33. Kd2 Kc7 34.
Ne5 Rb7 35. Bf1 Ra8 36. Bd3 b4 37. Bc2 a4 38. Nd3 b3 39. axb3 axb3 40. Bxb3 Rg8
41. Kc3 Ra8 42. Nb4 Rba7 43. Kb2 Bc8 44. Nc2 Ba6 45. Kc3 Be2 46. Re1 Bf3 47.
Kb2 Be4 48. Nb4 Ra3 49. Na2 Bd3 50. Nc3 Bc4 51. Bc2 g6 52. Rb1 R3a7 53. Kc1 Ra1
54. Kb2 Rxb1+ 55. Nxb1 Re8 0-1